 Dungeon Crawl Stone Soup version 0.24-a0-7-g1bb0902 (webtiles) character file.

Game seed: 17429912651836338421

114 trore the Ruffian (level 4, -2/41 HPs)
             Began as a Troll Hunter on Jan 30, 2019.
             Slain by Sigmund
             ... wielding a +0 scythe
              (6 damage)
             ... on level 2 of the Dungeon.
             The game lasted 00:04:20 (1171 turns).

trore the Ruffian (Troll Hunter)                    Turns: 1171, Time: 00:04:21

Health: -2/41      AC:  6    Str: 20    XL:     4   Next: 66%
Magic:  3/3        EV: 10    Int:  8    God:
Gold:   48         SH:  0    Dex: 10    Spells: 3/3 levels left

rFire    . . .     SeeInvis .     - Unarmed
rCold    . . .     Gourm    +   (no shield)
rNeg     . . .     Faith    .   r - +0 robe (curse)
rPois    .         Spirit   .   (helmet restricted)
rElec    .         Reflect  .   e - scarf {repulsion}
rCorr    .         Harm     .   (gloves unavailable)
MR       .....                  (boots unavailable)
Stlth    ..........             (no amulet)
HPRegen  0.53/turn              l - ring of attention (curse)
MPRegen  0.08/turn              (no ring)

@: repel missiles
A: large, unfitting armour, claws 3, fast metabolism 3, gourmand, regeneration
1, shaggy fur 1, tough skin 3
a: no special abilities


You were on level 2 of the Dungeon.
You were completely stuffed.

You visited 1 branch of the dungeon, and saw 2 of its levels.

You collected 48 gold pieces.

Inventory:

Missiles
 c - 5 large rocks (quivered)
Armour
 e - a scarf of repulsion (worn)
 r - a cursed +0 robe (worn)
Jewellery
 l - a cursed ring of attention (left claw)
 n - a +3 ring of strength {unknown}
Scrolls
 d - 4 scrolls of teleportation {unknown}
 j - a scroll of amnesia {unknown}
 k - a scroll of remove curse {unknown}
 p - a scroll of immolation {unknown}
 q - a scroll of enchant weapon {unknown}
Potions
 a - 2 potions of flight {unknown}
 g - a potion of curing {unknown}
 h - 2 potions of heal wounds {unknown}
 m - a potion of degeneration {unknown}
 o - a potion of cancellation {unknown}
Comestibles
 f - 5 rations
 i - 3 chunks of flesh


   Skills:
 - Level 1.5 Fighting
 - Level 3.6 Throwing
 - Level 1.5 Dodging
 - Level 0.3 Stealth
 + Level 4.4 Unarmed Combat


You had 3 spell levels left.
You didn't know any spells.
Your spell library was empty.

Dungeon Overview and Level Annotations

Branches:
Dungeon (2/15)

Altars:

Annotations:
D:2 Sigmund


Innate Abilities, Weirdness & Mutations

You are too large for most types of armour.
You have claws for hands.
Your metabolism is lightning-fast.
You like to eat raw meat.
Your natural rate of healing is unusually fast.
You are covered in fur. (AC +1)
You have extremely tough skin. (AC +3)


Message History

You closely miss something. You closely miss something. Something hits you!
* * * LOW HITPOINT WARNING * * *
You claw something! You miss something. Something hits you but does no damage.
You barely miss something. Something hits you but does no damage.
You miss something.
A jackal comes into view.
You closely miss something. Something hits you!
* * * LOW HITPOINT WARNING * * *
You miss something.
A jackal comes into view.
You miss something.
The jackal barks!
Something hits you.
* * * LOW HITPOINT WARNING * * *
You closely miss something. Something hits you but does no damage.
You closely miss something. The jackal barely misses you.
You scratch something. Something hits you.
You die...

# #...#[.#..##...#
#####..#.##.#.##...#
...[...#(##.#..#...#
###.....#..#...#...# #
####.#.##.#.))..## #
#.........#†.#### ##
#######...#.....# .#
#####.###...# .# #@# #..
@# #h# ... .# ### #.#
.... .#
....###h###....... .#
.##............... .#
..####....#......
.########................
...(?@....#............#
...)..#####............#


You could see 2 jackals.

Vanquished Creatures
  Jessica (D:2)
  Terence (D:1)
  2 adders
  An ooze (D:1)
  A dart slug (D:1)
  A leopard gecko (D:1)
  A ball python (D:2)
  2 giant cockroaches
  2 goblins (D:1)
  8 hobgoblins
  3 jackals
  5 kobolds
  4 bats
  5 frilled lizards
  A rat (D:1)
38 creatures vanquished.

Notes
Turn   | Place    | Note
-------+----------+-------------------------------------------
     0 | D:1      | trore the Troll Hunter began the quest for the Orb.
     0 | D:1      | Reached XP level 1. HP: 19/19 MP: 0/0
    78 | D:1      | Reached skill level 1 in Unarmed Combat
   182 | D:1      | Reached XP level 2. HP: 23/27 MP: 1/1
   309 | D:1      | Reached skill level 2 in Unarmed Combat
   772 | D:2      | Noticed Terence
   842 | D:1      | Reached skill level 3 in Unarmed Combat
   842 | D:1      | Reached XP level 3. HP: 33/33 MP: 2/2
   861 | D:1      | Killed Terence
   919 | D:2      | Noticed Sigmund
   929 | D:2      | Reached XP level 4. HP: 36/41 MP: 3/3
  1051 | D:2      | Reached skill level 4 in Unarmed Combat
  1125 | D:2      | Noticed Jessica
  1133 | D:2      | Killed Jessica
  1171 | D:2      | Slain by Sigmund

Vault maps used:
D:1:      psy_arrival_radial01
D:2:      minmay_small_reverse_x, uniq_sigmund, uniq_terence,
          uniq_crazy_yiuf_cottage, uniq_jessica

Skill      XL: |  1  2  3  4 |
---------------+-------------+-----
Unarmed Combat | 1 3 4 |  4.4
Fighting       | |  1.5
Throwing       | |  3.6
Dodging        | |  1.5
Stealth        | |  0.3

Action                   |  1- 3 |  4- 6 || total
-------------------------+-------+-------++-------
Melee: Unarmed           |    67 |    38 ||   105
       Punch             |       |     1 ||     1
  Eat: Chunk             |    14 |     2 ||    16
Armor: Robe              |    36 |    18 ||    54
Dodge: Dodged            |    44 |    15 ||    59
       Deflected         |     1 |     1 ||     2

Table legend:
 A = Non-vault XP
 B = Vault XP
 C = Vault XP percentage of total XP
 D = Non-vault monster count
 E = Vault monster count
 F = Vault count percentage of total count
                 A         B        C        D         E       F
            +---------+---------+-------+---------+---------+-------
      Total |      82 |      81 |  49.7 |      32 |       6 |  15.8
            +---------+---------+-------+---------+---------+-------
        D:1 |      57 |      36 |  38.7 |      21 |       1 |   4.5
        D:2 |      25 |      45 |  64.3 |      11 |       5 |  31.2
            +---------+---------+-------+---------+---------+-------
